 Dungeon Crawl Stone Soup version 0.15-a0-1485-g692b94f (console) character file.

399 Sabretooth the Scratcher (level 6, -7/28 HPs)
             Began as a Felid Fighter on June 14, 2014.
             Was a Follower of Cheibriados.
             Mangled by a wight
             ... wielding a +1,+3 dire flail
              (8 damage)
             ... on Level 7 of the Dungeon.
             The game lasted 00:09:18 (2010 turns).

Sabretooth the Scratcher (Felid Fighter)            Turns: 2010, Time: 00:09:18

HP  -7/28        AC  2     Str 17      XL: 6   Next: 54%
MP  15/15        EV 22     Int 13      God: Cheibriados [*.....]
Gold 186         SH  0     Dex 18      Spells:  0 memorised,  5 levels left
Lives: 0, deaths: 1

rFire  . . .     SeeInvis +       - Unarmed
rCold  . . .     Clarity  .     (armour unavailable)
rNeg   . . .     rCorr    .     (shield unavailable)
rPois  .         rRot     .     (helmet unavailable)
rElec  .         Spirit   .     (cloak unavailable)
SustAb .         Warding  .     (gloves unavailable)
rMut   .         Stasis   .     (boots unavailable)
Gourm  .                        (no amulet)
MR     .....                    j - cursed ring of loudness
                                k - ring of stealth

@: slow, not resistant to hostile enchantments, unstealthy
A: paw claws, no armour, no weapons or thrown items, fangs 3, see invisible,
carnivore 3, speed 1, shaggy fur 2, slow metabolism 1, jump 2
a: Jump Attack, Bend Time, Renounce Religion


You were on level 7 of the Dungeon.
You worshipped Cheibriados.
Cheibriados was aware of your devotion.
You were full.

You visited 1 branch of the dungeon, and saw 7 of its levels.

You collected 186 gold pieces.

Inventory:

Comestibles
 b - 2 slices of pizza
 d - 6 meat rations
Scrolls
 a - 6 scrolls of identify
 g - 6 scrolls of teleportation {unknown}
 h - a scroll of amnesia {unknown}
 i - 2 scrolls of remove curse {unknown}
 l - 2 scrolls of random uselessness {unknown}
 m - 2 scrolls of enchant armour {unknown}
 n - 3 scrolls of recharging {unknown}
Jewellery
 c - an uncursed ring of sustain abilities
 j - a cursed ring of loudness (right paw)
 k - a ring of stealth (left paw)
 q - an uncursed ring of flight
Potions
 e - a potion of might
 f - a potion of restore abilities
 o - a potion of cure mutation


   Skills:
 - Level 3.0 Fighting
 + Level 6.1 Dodging
 + Level 6.3 Unarmed Combat
 + Level 4.5 Invocations


You had 5 spell levels left.
You didn't know any spells.

Dungeon Overview and Level Annotations

Branches:
Dungeon (7/15)
 Temple: D:4-7

Altars:
Cheibriados
Elyvilon
Vehumet

Annotations:
D:5 Edmund


Innate Abilities, Weirdness & Mutations

You cannot wear armour.
You are incapable of wielding weapons or throwing items.
Your paws have sharp claws.
You have razor-sharp teeth.
You have supernaturally acute eyesight.
You are carnivorous and can eat meat at any time.
You cover ground quickly.
You are covered in thick fur (AC +2).
You have a slow metabolism.
You can jump attack at a medium distance.


Message History

* * * LOW HITPOINT WARNING * * *
The orc hits you with a dagger.
* * * LOW HITPOINT WARNING * * *
The orc closely misses you. The goblin misses you.
The orc hits you but does no damage. The goblin barely misses you.
The wight hits you with a dire flail.
* * * LOW HITPOINT WARNING * * *
The adder closely misses you. The goblin closely misses you.
The goblin shoots a stone.
The stone misses you. The adder misses you. The wight misses you.
There is a stone staircase leading down here.
You see here a stone.
The adder bites you but does no damage.
You climb downwards.
A crimson imp comes into view.
There is a stone staircase leading up here.
The adder bites you.
* * * LOW HITPOINT WARNING * * *
The wight hits you with a dire flail!
You die...

...
.........
#........#.
.........
#..<....
#......
...5. #.#.#
.######.#@#
........zS#
.######.#.#
#....#
#..### #..
#.. #.. ...


You could see a wight, a crimson imp and an adder.

Vanquished Creatures
  A necrophage (D:5)
  A phantom (D:5)
  An ogre (D:5)
  A giant frog (D:6)
  A scorpion (D:4)
  A crimson imp (D:5)
  A jelly (D:5)
  A hound (D:5)
  2 worker ants
  5 adders
  2 worms (D:3)
  An orc (D:3)
  8 goblins
  3 hobgoblins
  3 jackals (D:5)
  A ball python (D:1)
  7 bats
  3 giant cockroaches
  3 giant newts
  A giant newt skeleton (D:4)
  8 kobolds
  3 quokkas
  6 rats
64 creatures vanquished.

Notes
Turn   | Place    | Note
--------------------------------------------------------------
     0 | D:1      | Sabretooth, the Felid Fighter, began the quest for the Orb.
     0 | D:1      | Reached XP level 1. HP: 10/10 MP: 2/2
    52 | D:1      | Found a snail-covered altar of Cheibriados.
    65 | D:1      | Became a worshipper of Cheibriados the Contemplative
   197 | D:2      | Reached skill level 1 in Invocations
   197 | D:2      | Reached XP level 2. HP: 12/14 MP: 3/3
   572 | D:2      | Reached XP level 3. HP: 4/17 MP: 0/5
   717 | D:2      | Found a radiant altar of Vehumet.
   753 | D:3      | Found a white marble altar of Elyvilon.
  1105 | D:4      | Noticed a scorpion
  1114 | D:4      | Killed a scorpion
  1114 | D:4      | Reached skill level 5 in Unarmed Combat
  1114 | D:4      | Reached XP level 4. HP: 11/21 MP: 4/8
  1236 | D:4      | Reached XP level 5. HP: 14/24 MP: 7/11
  1355 | D:5      | Entered Level 5 of the Dungeon
  1403 | D:5      | Noticed a necrophage
  1418 | D:5      | Killed a necrophage
  1433 | D:5      | Gained mutation: You are covered in thick fur (AC +2). [growing up]
  1433 | D:5      | Gained mutation: You can jump attack at a medium distance. [growing up]
  1433 | D:5      | Reached XP level 6. HP: 20/25 MP: 12/14
  1520 | D:5      | Reached skill level 5 in Dodging
  1558 | D:5      | Noticed a phantom
  1788 | D:5      | Noticed Edmund
  1791 | D:5      | Noticed an ice beast
  1802 | D:5      | Reached skill level 6 in Unarmed Combat
  1803 | D:5      | Killed from afar by Edmund
  1804 | D:5      | Reached XP level 5. HP: -8/20 MP: 12/12
  1928 | D:5      | Killed a phantom
  1928 | D:5      | Reached XP level 6. HP: 4/28 MP: 15/15
  2010 | D:7      | HP: 1/28 [adder (1)]
  2010 | D:7      | Mangled by a wight

Action                   |  1- 3 |  4- 6 || total
-------------------------+-------+-------++-------
Melee: Unarmed           |    99 |   114 ||   213
Invok: Bend Time         |     6 |     4 ||    10
  Use: Potion            |     2 |     3 ||     5
       Scroll            |     1 |     2 ||     3
 Stab: Sleeping          |     1 |     1 ||     2
